 Dungeon Crawl Stone Soup version 0.29-a0-1065-g47a6bb87d6 (webtiles) character file.

Game seed: 12007524556058061839

159476 inmateoo the Brawler (level 17, -15/163 HPs)
             Began as a Troll Fighter on Aug 19, 2022.
             Was the Champion of Makhleb.
             Killed from afar by a nagaraja (35 damage)
             ... with a poison arrow
             ... on level 4 of the Snake Pit.
             The game lasted 00:47:49 (28394 turns).

inmateoo the Brawler (Troll Fighter)               Turns: 28394, Time: 00:47:49

Health: -15/163    AC: 14    Str: 28    XL:     17   Next: 16%
Magic:  21/21      EV: 13    Int:  6    God:    Makhleb [******]
Gold:   586        SH: 10    Dex: 13    Spells: 16/22 levels left

rFire   + . .      SeeInvis .     - Unarmed
rCold   . . .      Faith    .   z - +0 kite shield {rN+}
rNeg    + . .      Spirit   .   h - +0 acid dragon scales
rPois   .          Reflect  .   N - +2 hat
rElec   .          Harm     .   s - +1 cloak
rCorr   +          Rampage  .   (gloves unavailable)
Will    ++...                   (boots unavailable)
Stlth   +.........              x - amulet of regeneration
HPRegen 1.97/turn               n - ring of willpower
MPRegen 0.17/turn               R - ring of Pragmatism {rF+ EV+4}

@: lethally poisoned (-15 -> -39), constricted, studying 2 skills
A: large, unfitting armour, claws 3, regeneration 1, shaggy fur 1, tough skin 1
a: Renounce Religion, Minor Destruction, Lesser Servant of Makhleb, Major
Destruction, Greater Servant of Makhleb


You were on level 4 of the Snake Pit.
You worshipped Makhleb.
Makhleb was exalted by your worship.
You visited 5 branches of the dungeon, and saw 27 of its levels.
You visited 1 bazaar.
You also visited: Sewer.

You collected 2956 gold pieces.
You spent 2370 gold pieces at shops.

Inventory:

Missiles
 q - 2 throwing nets
 G - 32 large rocks (quivered)
Armour
 h - +0 acid dragon scales (worn)
 s - a +1 cloak (worn)
 z - a +0 kite shield of positive energy (worn)
 N - a +2 hat (worn)
 Q - a +1 robe of willpower
Jewellery
 e - a ring of poison resistance
 n - a ring of willpower (left claw)
 v - a ring of resist corrosion
 x - an amulet of regeneration (around neck)
 L - a ring of protection from cold
 O - a ring of see invisible
 R - the ring of Pragmatism (right claw) {rF+ EV+4}
   (You acquired it on level 2 of the Snake Pit)

   [ring of evasion]

   EV:        It affects your evasion (+4).
   rF:        It protects you from fire.
Wands
 f - a wand of polymorph (5)
 t - a wand of quicksilver (4)
 u - a wand of mindburst (8)
 y - a wand of roots (22)
 B - a wand of charming (18)
 D - a wand of flame (36)
 J - a wand of digging (8)
Scrolls
 a - 4 scrolls of fog
 d - 10 scrolls of teleportation
 l - 7 scrolls of magic mapping
 p - 8 scrolls of enchant armour
 r - 2 scrolls of silence
 w - 2 scrolls of brand weapon
 E - 16 scrolls of identify
 H - a scroll of blinking
 K - 3 scrolls of amnesia
 M - 4 scrolls of enchant weapon
 T - a scroll of summoning
Potions
 b - 2 potions of berserk rage
 c - 3 potions of might
 g - 11 potions of curing
 i - 7 potions of haste
 j - 8 potions of lignification
 k - 8 potions of mutation
 m - a potion of heal wounds
 o - 3 potions of magic
 A - a potion of cancellation
 C - 3 potions of brilliance
 I - a potion of invisibility
 S - a potion of flight
Miscellaneous
 F - a condenser vane
 P - a lightning rod (4/4)


   Skills:
 + Level 9.5 Fighting
 * Level 13.8 Throwing
 - Level 8.0 Armour
 - Level 9.0 Dodging
 - Level 9.0 Shields
 - Level 15.0 Unarmed Combat
 + Level 3.4 Spellcasting
 + Level 4.1 Transmutations
 + Level 5.0 Earth Magic
 + Level 7.9 Invocations
 + Level 4.4 Evocations


You had 16 spell levels left.
You knew the following spells:

 Your Spells              Type           Power      Damage    Failure   Level
a - Statue Form           Tmut/Erth      4%         N/A       100%        6

Your spell library contained the following spells:

 Spells                   Type           Power      Damage    Failure   Level
 Sandblast                Erth           14%        2d6       11%         1
 Passwall                 Tmut/Erth      5%         N/A       19%         2
 Slow                     Hex            4%         N/A       63%         1
 Stone Arrow              Conj/Erth      8%         3d7       65%         3
 Ensorcelled Hibernation  Hex/Ice        2%         N/A       77%         2
 Poisonous Vapours        Pois/Air       2%         N/A       77%         2
 Petrify                  Tmut/Erth      6%         N/A       77%         4
 Ignite Poison            Fire/Tmut/Pois 2%         N/A       80%         3
 Confusing Touch          Hex            1%         N/A       94%         3
 Conjure Flame            Conj/Fire      1%         6-21      94%         3
 Dazzling Flash           Conj/Hex       2%         N/A       94%         3
 Frozen Ramparts          Ice            2%         1d1       94%         3
 Portal Projectile        Hex/Tloc       2%         N/A       94%         3
 Swiftness                Air            1%         N/A       94%         3
 Tukima's Dance           Hex            1%         N/A       94%         3
 Vampiric Draining        Necr           1%         2d6       94%         3
 Ice Form                 Ice/Tmut       3%         N/A       98%         4
 Blade Hands              Tmut           3%         N/A       99%         5
 Anguish                  Hex/Necr       0%         N/A       100%        4
 Animate Dead             Necr           1%         N/A       100%        4
 Cause Fear               Hex            0%         N/A       100%        4
 Corpse Rot               Necr/Pois/Air  1%         N/A       100%        4
 Dispel Undead            Necr           1%         3d6       100%        4
 Sticky Flame             Conj/Fire      1%         2d3       100%        4
 Summon Ice Beast         Ice/Summ       1%         N/A       100%        4
 Agony                    Necr           1%         N/A       100%        5
 Borgnjor's Vile Clutch   Necr/Erth      2%         N/A       100%        5
 Fireball                 Conj/Fire      0%         3d3       100%        5
 Irradiate                Conj/Tmut      1%         3d12      100%        5
 Metabolic Englaciation   Hex/Ice        0%         N/A       100%        5
 Silence                  Hex/Air        0%         N/A       100%        5
 Summon Forest            Summ/Tloc      0%         N/A       100%        5
 Summon Mana Viper        Hex/Summ       1%         N/A       100%        5
 Death Channel            Necr           0%         N/A       100%        6
 Starburst                Conj/Fire      0%         6d3       100%        6
 Summon Cactus Giant      Summ           0%         N/A       100%        6
 Dragon Form              Tmut           3%         N/A       100%        7
 Enfeeble                 Hex            0%         N/A       100%        7
 Ignition                 Fire           0%         3d3       100%        8
 Dragon's Call            Summ           0%         N/A       100%        9


Dungeon Overview and Level Annotations

Branches:
Dungeon (15/15)            Temple (1/1) D:4            Lair (5/5) D:10
 Shoals (0/4) Lair:2        Snake (4/4) Lair:2        Slime (0/5) Lair:5
    Orc (2/2) D:12            Elf (0/3) Orc:2        Vaults (0/5) D:14
 Depths (0/4) D:15          Sewer (visited)

Altars:
Ashenzari
Cheibriados
Dithmenos
Elyvilon
Fedhas
Gozag
Kikubaaqudgha
Makhleb
Nemelex Xobeh
Okawaru
Uskayaw
Vehumet
Wu Jian
Yredelemnul
The Shining One
Jiyva

Shops:
D:3 *   Orc:2 [*=(   Snake:1 !   Snake:2 (

Annotations:
D:10 1 runed translucent door, Xoff's ghost, novice GrEE
Snake:3 2 transporters


Innate Abilities, Weirdness & Mutations

You are too large for most types of armour.
You have claws for hands.
Your natural rate of healing is unusually fast.
You are covered in fur. (AC +1)
You have tough skin. (AC +1)


Message History

You feel very sick.
The nagaraja hits you but does no damage.
The nagaraja grabs you. The nagaraja constricts you.
You claw the nagaraja!
The nagaraja is lightly wounded.
You feel very sick. The nagaraja casts a spell at you.
The poison arrow hits you!!!
You are more poisoned.
The nagaraja constricts you.
You eviscerate the nagaraja!!!
The nagaraja is heavily wounded.
You feel extremely sick. You block the nagaraja's attack.
The nagaraja constricts you. The nagaraja hits you with a +0 club!
* * * LOW HITPOINT WARNING * * *
The nagaraja constricts you.
* * * LOW HITPOINT WARNING * * *
You are too injured to fight recklessly!
You scratch the nagaraja.
The nagaraja is severely wounded.
You feel very sick. You block the nagaraja's attack.
The nagaraja constricts you.
* * * LOW HITPOINT WARNING * * *
You barely miss the nagaraja.
The nagaraja is severely wounded.
You feel very sick. The nagaraja hits you with a +0 club.
* * * LOW HITPOINT WARNING * * *
The nagaraja constricts you.
You claw the nagaraja!
The nagaraja is severely wounded.
You feel very sick.
The nagaraja hits you but does no damage.
The nagaraja constricts you.
* * * LOW HITPOINT WARNING * * *
The nagaraja gestures at you while chanting.
The poison arrow hits you!!
You are lethally poisoned!
You die...

## #............###........# ##.
.# #............# #.####...# #..
.# #.....###.##'###.#..'...#####.
.# #.....# #.#...#..#..#...##...#
.# #.....# #.#...#..####...##..<#
~♣♣#.....# #.#...........####...#
~~~~.....###.#..................#
~~P~~.........####..###..###....#
~P~♣###.......)N@.......## #....#
~~P# #...[...#####......# #.....
♣### ####...## #......# #.#+#.
#8...8# #......# #.#.#. ##...##
##.##### #.#.#. #.).#
#.#######.#.#. #.....
#.........#... #.....#
#.#####...###† ....⌠N.. ###
#...'...


You could see a nagaraja (fast).

Vanquished Creatures
  Jorgrun (Orc:2)
  Kirke (D:12)
  An orc warlord (Orc:1)
  The ghost of Zearer the Basher, a journeyman DsGl of Okawaru (Orc:1)
  A stone giant (D:15)
  Josephine (D:13)
  2 salamander tyrants (Snake:3)
  A vault guard (D:14)
  4 hydras
  An ogre mage (D:14)
  2 catoblepae
  Erica (D:10)
  10 anacondas
  9 centaur warriors
  10 death yaks
  10 boulder beetles
  5 two-headed ogres
  3 tengu warriors (D:15)
  4 orc high priests
  6 naga warriors
  8 shock serpents
  6 naga sharpshooters
  3 salamander mystics (Snake:3)
  5 sea snakes (Snake:4)
  A lindwurm (Lair:5)
  5 naga ritualists
  3 orc knights
  A harpy (D:14)
  3 orc sorcerers (Orc:2)
  17 ugly things
  11 mana vipers
  5 deep elf pyromancers
  A wolf spider (D:15)
  15 salamanders
  5 cyclopes
  3 manticores
  38 black mambas
  17 elephants
  4 guardian serpents
  11 naga magi
  2 gargoyles (D:12)
  A torpor snail (Lair:1)
  A molten gargoyle (Lair:2)
  16 cane toads
  Psyche (D:11)
  12 komodo dragons
  A kobold demonologist (D:12)
  2 tengu conjurers
  An efreet (D:14)
  A yaktaur (D:14)
  A rime drake (Lair:3)
  6 trolls
  2 polar bears
  Grinder (D:4)
  Prince Ribbit (D:5)
  2 hornets
  9 blink frogs
  7 dream sheep (Lair:4)
  Sigmund (D:3)
  9 spriggans (D:8)
  A vampire (D:11)
  2 shadows
  7 wraiths
  8 basilisks
  50 yaks
  2 hogs (D:12)
  4 wyverns
  16 vampire mosquitoes
  3 acid dragons (D:13)
  Edmund (D:5)
  43 nagas
  3 wargs
  14 water moccasins
  Pargi (Sewer)
  32 orc warriors
  3 ice beasts
  3 sky beasts
  Duvessa (D:5)
  2 ogres
  2 black bears
  2 boggarts (D:15)
  11 centaurs
  3 kobold brigands
  12 bullfrogs
  A necrophage (D:7)
  2 gnoll sergeants
  2 scorpions
  13 wights
  Dowan (D:5)
  6 killer bees
  9 electric eels
  3 howler monkeys
  3 lava snakes (Lair:2)
  5 hounds
  10 orc priests
  Jessica (D:2)
  10 iguanas
  22 orc wizards
  Robin (D:3)
  18 gnolls
  6 adders
  A white imp (D:7)
  3 ufetubi
  A worm (D:4)
  7 dart slugs
  97 orcs
  13 bats
  9 endoplasms
  6 giant cockroaches
  14 goblins
  6 hobgoblins
  2 jackals (Sewer)
  5 quokkas
  4 ball pythons
  A frilled lizard (D:2)
  16 kobolds
  3 rats
840 creatures vanquished.

Vanquished Creatures (collateral kills)
  A naga warrior (Snake:4)
  A centaur warrior (D:15)
  2 shock serpents (Snake:3)
  8 ugly things
  A guardian serpent (Snake:4)
  A vampire mosquito (D:14)
  A centaur (D:15)
15 creatures vanquished.

Vanquished Creatures (others)
  3 boggarts (D:15)
  An orc (Orc:2)
  A bush (Lair:4)
  15 fungi
  66 plants
86 creatures vanquished.

Grand Total: 941 creatures vanquished

Notes
Turn   | Place    | Note
-------+----------+-------------------------------------------
     0 | D:1      | inmateoo the Troll Fighter began the quest for the Orb.
     0 | D:1      | Reached XP level 1. HP: 22/22 MP: 0/0
   392 | D:1      | Found a faded altar of an unknown god.
   394 | D:1      | Reached XP level 2. HP: 29/29 MP: 1/1
   739 | D:2      | Reached XP level 3. HP: 36/36 MP: 2/2
   765 | D:2      | Noticed Jessica
   771 | D:2      | Killed Jessica
   772 | D:2      | Reached skill level 1 in Throwing
   795 | D:2      | Reached XP level 4. HP: 44/44 MP: 3/3
  1403 | D:3      | Noticed Sigmund
  1412 | D:3      | Killed Sigmund
  1413 | D:3      | Reached skill level 1 in Armour
  1413 | D:3      | Reached skill level 3 in Unarmed Combat
  1413 | D:3      | Reached XP level 5. HP: 53/53 MP: 4/4
  1447 | D:3      | Found Weufi's Assorted Antiques.
  1455 | D:3      | Bought a scroll of identify for 52 gold pieces
  1455 | D:3      | Bought a scroll labelled CIC MIS SUIWUN for 26 gold pieces
  1455 | D:3      | Bought a brown potion for 23 gold pieces
  1483 | D:3      | Noticed Robin
  1507 | D:3      | Reached XP level 6. HP: 61/61 MP: 5/5
  1536 | D:3      | Killed Robin
  2085 | D:4      | Found a staircase to the Ecumenical Temple.
  2094 | Temple   | Entered the Ecumenical Temple
  2186 | Temple   | Became a worshipper of Makhleb the Destroyer
  2211 | D:4      | Identified the +1 leather armour of Liberty {rC- rN+ Str+4}
  2387 | D:4      | You fall into a shaft and drop 2 floors!
  2401 | D:6      | Reached skill level 4 in Unarmed Combat
  2556 | D:6      | Noticed an ice beast
  2569 | D:6      | Killed an ice beast
  2570 | D:6      | Reached XP level 7. HP: 48/67 MP: 6/6
  2621 | D:5      | Entered Level 5 of the Dungeon
  2822 | D:5      | Noticed Edmund
  2826 | D:5      | Found a glowing drain.
  2841 | D:5      | Killed Edmund
  2842 | D:5      | Reached skill level 5 in Unarmed Combat
  2867 | D:5      | Reached * piety under Makhleb
  2876 | Sewer    | Entered a sewer
  2925 | Sewer    | Noticed Pargi
  2942 | Sewer    | Killed Pargi
  2943 | Sewer    | Reached XP level 8. HP: 75/76 MP: 7/7
  3016 | D:5      | Identified the +2 robe of the Guardian {Str+3}
  3073 | D:5      | Noticed Prince Ribbit
  3110 | D:5      | Killed Prince Ribbit
  3356 | D:5      | Noticed Duvessa
  3356 | D:5      | Noticed Dowan
  3363 | D:5      | Killed Duvessa
  3371 | D:5      | Killed Dowan
  3595 | D:4      | Noticed Grinder
  3608 | D:4      | Paralysed by Grinder for 3 turns
  3630 | D:4      | Killed Grinder
  3631 | D:4      | Reached skill level 6 in Unarmed Combat
  4252 | D:6      | Reached skill level 5 in Throwing
  4252 | D:6      | Reached XP level 9. HP: 80/84 MP: 8/8
  5119 | D:7      | Reached ** piety under Makhleb
  5214 | D:7      | Reached skill level 7 in Unarmed Combat
  5222 | D:7      | Reached skill level 5 in Shields
  6052 | D:8      | Reached *** piety under Makhleb
  6327 | D:8      | Reached XP level 10. HP: 94/94 MP: 9/9
  6350 | D:8      | Reached skill level 5 in Fighting
  6350 | D:8      | Reached skill level 5 in Dodging
  6429 | D:8      | Noticed a two-headed ogre
  6441 | D:8      | Killed a two-headed ogre
  6442 | D:8      | Reached skill level 8 in Unarmed Combat
  7003 | D:9      | Reached **** piety under Makhleb
  7039 | D:9      | Reached skill level 9 in Unarmed Combat
  7045 | D:9      | Reached XP level 11. HP: 66/104 MP: 10/10
  7202 | D:9      | Reached skill level 5 in Armour
  7808 | D:10     | Entered Level 10 of the Dungeon
  7839 | D:10     | Noticed Erica
  7929 | D:10     | Killed Erica
  8074 | D:10     | Found a staircase to the Lair.
  8118 | D:10     | Found a runed translucent door.
  8119 | D:10     | Noticed Xoff's ghost (novice GrEE)
  8287 | D:10     | Noticed a two-headed ogre
  8299 | D:10     | Killed a two-headed ogre
  8418 | D:10     | Found a radiant altar of Vehumet.
  8440 | D:10     | Noticed a two-headed ogre
  8448 | D:10     | Killed a two-headed ogre
  8449 | D:10     | Reached skill level 1 in Invocations
  8584 | D:11     | Noticed a boulder beetle
  8598 | D:11     | Killed a boulder beetle
  8605 | D:11     | Reached skill level 10 in Unarmed Combat
  8606 | D:11     | Found a sparkling altar of Nemelex Xobeh.
  8951 | D:11     | Noticed a boulder beetle
  8961 | D:11     | Killed a boulder beetle
  8986 | D:11     | Noticed Psyche
  8992 | D:11     | Killed Psyche
  9254 | D:11     | Reached XP level 12. HP: 107/114 MP: 12/12
  9614 | D:12     | Noticed a boulder beetle
  9614 | D:12     | Noticed a two-headed ogre
  9621 | D:12     | Killed a two-headed ogre
  9659 | D:12     | Killed a boulder beetle
  9681 | D:12     | Noticed a boulder beetle
  9695 | D:12     | Killed a boulder beetle
 10176 | D:12     | Noticed Kirke
 10187 | D:12     | Noticed a boulder beetle
 10202 | D:12     | Reached ***** piety under Makhleb
 10230 | D:12     | Killed a boulder beetle
 10564 | D:12     | Found a staircase to the Orcish Mines.
 10907 | D:12     | Reached skill level 11 in Unarmed Combat
 10938 | D:12     | Killed Kirke
 11136 | D:13     | Noticed a catoblepas
 11145 | D:13     | Killed a catoblepas
 11341 | D:13     | Noticed a two-headed ogre
 11350 | D:13     | Killed a two-headed ogre
 11421 | D:13     | Noticed a boulder beetle
 11427 | D:13     | Reached skill level 10 in Throwing
 11443 | D:13     | Killed a boulder beetle
 11512 | D:13     | Noticed a boulder beetle
 11530 | D:13     | Reached XP level 13. HP: 123/123 MP: 14/14
 11754 | D:13     | Found a gateway to a bazaar.
 11762 | Bazaar   | Entered a bazaar
 11762 | Bazaar   | Found Ovidwasef's Jewellery Boutique.
 11762 | Bazaar   | Found Jublojej's Assorted Antiques.
 11764 | Bazaar   | Found Bomnykh's Assorted Antiques.
 11768 | Bazaar   | Found Cebrapa's Magic Scroll Boutique.
 11780 | Bazaar   | Found Duegewi's Antique Armour Boutique.
 11786 | Bazaar   | Found Jauxty's Jewellery Shoppe.
 11810 | Bazaar   | Bought a scroll labelled HUROWE GUGUINI for 36 gold pieces
 11810 | Bazaar   | Bought a scroll of identify for 72 gold pieces
 11818 | Bazaar   | Bought 2 scrolls of teleportation for 96 gold pieces
 11818 | Bazaar   | Bought a scroll of identify for 32 gold pieces
 11818 | Bazaar   | Bought a scroll of identify for 32 gold pieces
 11818 | Bazaar   | Bought 3 scrolls of identify for 96 gold pieces
 11825 | Bazaar   | Bought a scroll of identify for 46 gold pieces
 11832 | Bazaar   | Bought a ring of protection from cold for 275 gold pieces
 12213 | D:14     | Found an ornate altar of the Wu Jian Council.
 12320 | D:14     | Reached skill level 12 in Unarmed Combat
 12359 | D:14     | Found a gate to the Vaults.
 12517 | D:14     | Noticed a cacodemon
 12679 | Lair:1   | Entered Level 1 of the Lair of Beasts
 13057 | Lair:1   | Reached skill level 5 in Invocations
 13183 | Lair:1   | HP: 3/124 [five-headed hydra (6)]
 13379 | Lair:1   | Reached XP level 14. HP: 133/133 MP: 16/16
 13938 | Lair:2   | Reached ****** piety under Makhleb
 14031 | Lair:2   | Found a staircase to the Shoals.
 14115 | Lair:2   | Found a staircase to the Snake Pit.
 15609 | Lair:4   | You fall into a shaft and drop 1 floor!
 15609 | Lair:5   | Entered Level 5 of the Lair of Beasts
 15726 | Lair:5   | Reached skill level 13 in Unarmed Combat
 16033 | Lair:4   | Identified the amulet of Elenary {Reflect Fly Dex+3 SH+5}
 16608 | Lair:5   | Learned a level 6 spell: Statue Form
 16677 | Lair:5   | Found a viscous altar of Jiyva.
 16677 | Lair:5   | Found a staircase to the Slime Pits.
 16771 | Lair:5   | Reached skill level 1 in Evocations
 16778 | Lair:5   | Reached XP level 15. HP: 121/143 MP: 18/18
 16779 | Lair:5   | Reached skill level 1 in Earth Magic
 17358 | Orc:1    | Entered Level 1 of the Orcish Mines
 17529 | Orc:1    | Found a runed translucent door.
 17529 | Orc:1    | Noticed Zearer's ghost (journeyman DsGl)
 17909 | Orc:1    | Killed Zearer's ghost
 17910 | Orc:1    | Reached skill level 1 in Transmutations
 17962 | Orc:2    | Entered Level 2 of the Orcish Mines
 17962 | Orc:2    | Noticed Nessos
 17965 | Orc:2    | Noticed Nessos
 17965 | Orc:2    | Nessos changed into Nessos the mana viper
 17978 | Orc:2    | Killed Nessos the mana viper
 18091 | Orc:2    | Noticed an orc warlord
 18092 | Orc:2    | Found Kiwith's Antique Weapon Boutique.
 18104 | Orc:2    | Noticed Jorgrun
 18114 | Orc:2    | Found Uwyacyw's Jewellery Emporium.
 18203 | Orc:2    | Found Roca's General Store.
 18215 | Orc:2    | Bought a scroll of acquirement for 624 gold pieces
 18215 | Orc:2    | Bought a +2 hat for 192 gold pieces
 18223 | Orc:2    | Acquired a manual of Translocations
 18320 | Orc:2    | Paralysed by an orc sorcerer for 4 turns
 18387 | Orc:2    | Reached skill level 1 in Spellcasting
 18546 | Orc:1    | Killed an orc warlord
 18693 | Orc:2    | Killed Jorgrun
 18759 | Orc:2    | Found an iron altar of Okawaru.
 18795 | Orc:2    | Found Hiesupus's Antique Armour Emporium.
 18874 | Orc:2    | Found a staircase to the Elven Halls.
 19431 | D:14     | Noticed Josephine
 19468 | D:13     | Killed Josephine
 19753 | D:15     | Entered Level 15 of the Dungeon
 19930 | D:15     | Reached skill level 14 in Unarmed Combat
 20181 | D:15     | Found a staircase to the Depths.
 20581 | D:15     | Found an opulent altar of Gozag.
 20783 | D:15     | Acquired a manual of Armour
 20960 | Snake:1  | Entered Level 1 of the Snake Pit
 21233 | Snake:1  | HP: 6/145 [naga ritualist/Olgreb's Toxic Radiance (2)]
 21237 | Snake:1  | HP: 1/145 [poisoned by a naga ritualist (toxic radiance)]
 21461 | Snake:1  | Reached XP level 16. HP: 134/154 MP: 20/20
 21769 | Snake:1  | Found Wocuiwn's Distillery.
 21774 | Snake:1  | Bought 2 potions of curing for 96 gold pieces
 21774 | Snake:1  | Bought a potion of curing for 48 gold pieces
 21774 | Snake:1  | Bought a potion of curing for 48 gold pieces
 21774 | Snake:1  | Bought a potion of curing for 48 gold pieces
 21774 | Snake:1  | Bought a potion of curing for 48 gold pieces
 21774 | Snake:1  | Bought 2 potions of heal wounds for 160 gold pieces
 21774 | Snake:1  | Bought a potion of heal wounds for 80 gold pieces
 21774 | Snake:1  | Bought a potion of haste for 160 gold pieces
 21774 | Snake:1  | Bought a potion of berserk rage for 80 gold pieces
 21916 | Snake:1  | HP: 6/154 [poisoned by a black mamba]
 23212 | Snake:2  | Found Iwuless's Weapon Shop.
 24866 | Snake:2  | Acquired the ring of Pragmatism {rF+ EV+4}
 25277 | Snake:3  | HP: 7/156 [poisoned by a naga mage (splash of poison)]
 25279 | Snake:3  | HP: 3/156 [poisoned by a naga mage (splash of poison)]
 25284 | Snake:3  | HP: 5/156 [poisoned by a naga mage (splash of poison)]
 25392 | Snake:3  | Found a transporter.
 25437 | Snake:3  | Found a transporter.
 26458 | Snake:4  | Entered Level 4 of the Snake Pit
 26652 | Snake:3  | Reached skill level 15 in Unarmed Combat
 27013 | Snake:4  | HP: 2/156 [salamander tyrant (10)]
 27451 | Snake:4  | Reached XP level 17. HP: 157/163 MP: 21/21
 28381 | Snake:4  | Reached skill level 5 in Earth Magic
 28394 | Snake:4  | Killed from afar by a nagaraja

Illustrated notes

Levels and vault maps discovered:
D:1:      wheals_arrival_shading, layout_loops_ring,
          chequers_ecumenical_altar_island
D:2:      layout_loops_cross, serial_bayou_pond_b, uniq_jessica
D:3:      layout_basic, serial_shops, shop, minmay_misc_feat_four_crosses,
          uniq_sigmund, uniq_robin
D:4:      layout_loops_corners, minmay_temple_entry_wispy, uniq_grinder
D:5:      layout_loops_cross, gup_sewer_entry_glass,
          chequers_serial_rivers_small_b, grunt_decor_clamped,
          uniq_prince_ribbit1, uniq_edmund, uniq_duvessa
D:6:      layout_loops_corners, minmay_misc_feat_enclosed
D:7:      layout_loops_ring, grunt_ministairs_11
D:8:      kb_forest_paths, layout_gridville, dreamdust_deal_with_the_devil,
          serial_park_tiny_2, roderic_batcave
D:9:      layout_cave_pods
D:10:     layout_roguey, nicolae_vehumet_altar_sigil, david_lair_generic,
          serial_curves, eino_curves_03, eino_curves_01, gammafunk_ghost_grave,
          minmay_misc_feat_chi, kennysheep_generic_room_14, uniq_erica
D:11:     layout_basic, nemelex_xobeh_ov_fountains_minmay, uniq_psyche
D:12:     layout_roguey, hiddenorc2_lemuel, serial_co_window_serial,
          co_window_corner_a, co_window_corner_a, co_window_of_opportunity_a,
          co_window_cross_1, co_window_paths_a, co_window_corner_cb,
          co_window_corner_b, co_window_corner_ca, co_window_corner_ca,
          co_window_4corner_b, co_window_paths_e, glass_columns_b, uniq_kirke
D:13:     layout_roguey, serial_shops, bzr_entry_islet
D:14:     layout_irregular_city, david_vaults_5, nzn_wu_jian_council_hall,
          minmay_misc_feat_roman, uniq_josephine
D:15:     grunt_enter_depths_snipers, layout_loops_ring,
          grunt_gozag_breadcrumbs, serial_bayou_pond_d
Temple:   mainiacjoe_temple_circle_huts
Lair:1:   beast_lair_carwin_large_3, layout_misc_corridors, nzn_random_ring,
          grunt_megastairs_4
Lair:2:   layout_long_grid, shoals_dummy_entry, guppyfry_snake_entry_garden,
          chequers_serial_rivers_small_3, nicolae_lair_liquid_snakes
Lair:3:   layout_chaotic_city, grunt_megastairs_1
Lair:4:   layout_roguey, lemuel_fruit_tree
Lair:5:   wormcave, layout_gridlike, dpeg_slime_entry_enclosed,
          serial_bayou_lake_a, grunt_megastairs_3, serial_bayou_shore_b
Snake:1:  layout_gridlike, nicolae_snake_round_shape_thing,
          minmay_shop_grid_forest
Snake:2:  nicolae_snake_crotalidae_crossing, layout_chambers, special_room,
          serial_shops, nicolae_shop_stone
Snake:3:  gammafunk_the_bubble [the_bubble_gammafunk_plus_minus],
          layout_cave_town, st_stairs_4, drop_trap, nicolae_snake_boneroom
Snake:4:  hellmonk_snake_rune_quicksilver_temple, layout_basic,
          serial_bayou_lagoon_a, drop_trap, grunt_ministairs_11,
          serial_bayou_ford_a, st_stairs_11, nrook_guardian_serpent_ordinary
Orc:1:    layout_caves, hellmonk_ghost_happy_afterlife, basic_altar,
          nicolae_orc_stony_grotto
Orc:2:    grunt_orc_gardens, layout_caves, grunt_orc_garden, grunt_orc_garden,
          grunt_orc_garden, grunt_orc_garden, okawaru_metal_pillars_3,
          uniq_jorgrun, uniq_nessos

Skill      XL: |  1  2  3  4  5  6  7  8  9 10 11 12 13 14 15 16 17 |
---------------+----------------------------------------------------+-----
Throwing       | 1 2 3 5 6 7 8 10 11 12 13 | 13.8
Shields        | 3 4 5 6 7 8 9 |  9.0
Fighting       | 3 4 5 6 7 8 9 |  9.5
Armour         | 1 2 3 4 5 6 7 8 |  8.0
Dodging        | 3 4 5 6 7 8 9 |  9.0
Unarmed Combat | 3 4 5 6 7 9 10 11 12 13 14 15 | 15.0
Invocations    | 2 3 5 6 7 |  7.9
Evocations     | 1 2 4 |  4.4
Earth Magic    | 3 4 5 |  5.0
Transmutations | 2 3 4 |  4.1
Spellcasting   | 2 3 |  3.4

Action                   |  1- 3 |  4- 6 |  7- 9 | 10-12 | 13-15 | 16-18 || total
-------------------------+-------+-------+-------+-------+-------+-------++-------
Melee: Unarmed           |    44 |   143 |   415 |   719 |  1433 |   821 ||  3575
Throw: Throwing net      |       |       |     3 |     3 |     1 |       ||     7
       Large rock        |       |       |     2 |    20 |    35 |    15 ||    72
Invok: Greater Servant o |       |       |       |       |     1 |       ||     1
       Lesser Servant of |       |       |       |       |     3 |     8 ||    11
Evoke: Wand              |       |       |       |     4 |    12 |     2 ||    18
       Lightning rod     |       |       |       |       |     4 |       ||     4
       Condenser vane    |       |       |       |       |     1 |       ||     1
  Use: Scroll            |       |    10 |     5 |    10 |    13 |     5 ||    43
       Potion            |       |       |     2 |       |     4 |    14 ||    20
 Stab: Sleeping          |       |     1 |       |       |       |       ||     1
       Petrified         |       |       |       |     1 |       |       ||     1
       Distracted        |       |       |       |       |     2 |       ||     2
Armor: Robe              |     9 |    37 |   159 |   133 |       |       ||   338
       Acid dragon scale |       |       |       |     2 |   565 |   219 ||   786
Dodge: Dodged            |    16 |    45 |   192 |   241 |   438 |   413 ||  1345
Block: Kite shield       |    12 |    57 |   217 |   269 |   150 |   303 ||  1008
       Tower shield      |       |       |       |       |   913 |   144 ||  1057

Table legend: (Time is in decaauts)
 A = Elapsed time spent in this place.
 B = Non-inter-level travel time spent in this place.
 C = Inter-level travel time spent in this place.
 D = Time resting spent in this place.
 E = Time spent auto-exploring this place.
 F = Levels seen in this place.
 G = Mean time per level.
                   A        B        C        D        E       F      G
               +--------+--------+--------+--------+--------+-----+--------+
         Total |  28378 |  27033 |   1345 |   4620 |  13832 |  29 |  978.6 |
       Dungeon |  14384 |  13472 |    912 |   1360 |   8382 |  15 |  958.9 |
        Temple |    104 |     92 |     12 |      0 |     74 |   1 |  104.0 |
          Lair |   4943 |   4733 |    210 |    604 |   2677 |   5 |  988.6 |
     Snake Pit |   7068 |   6923 |    145 |   2464 |   1965 |   4 | 1767.0 |
  Orcish Mines |   1673 |   1608 |     65 |    191 |    645 |   2 |  836.5 |
        Bazaar |     79 |     79 |      0 |      0 |     23 |   1 |   79.0 |
         Sewer |    123 |    123 |      0 |      0 |     64 |   1 |  123.0 |
               +--------+--------+--------+--------+--------+-----+--------+

Top non-repeatable levels by time:
 Snake:2: 2047 daAuts
 Snake:3: 2025 daAuts
    D:12: 1576 daAuts
 Snake:1: 1572 daAuts
 Snake:4: 1422 daAuts
  Lair:2: 1311 daAuts
    D:14: 1156 daAuts
    D:11: 1150 daAuts
  Lair:1: 1088 daAuts
     D:6: 1045 daAuts
    D:15: 1041 daAuts
     D:8: 1020 daAuts
     D:9: 1018 daAuts
    D:13: 984 daAuts
   Orc:2: 971 daAuts
